AoeStats
← Bibeau

Enclosed

504154272Analyzed
1v1 RM · 28d ago on Sep 4, 2026· 77m 36s· 2 players
Game mode
Random Map
Map size
Tiny (2 player)
Population
200
Speed
Normal
Resources
Standard
Victory
Conquest
Starting age
Dark Age
Ending age
Imperial Age
RankedLock teamsTeams togetherTeam positionsShared explorationLock speedFull tech treeHidden civsTurbo modeCheats
Victory
Defeat
🇺🇸 Bulgarians · United States
1000
+16
🇧🇷 Cumans · Brazil
1009
-16
Bibeau
3:31 Loom
11:27 Feudal Age
12:00 Double-Bit Axe
13:21 Forging
13:03 Arson
13:54 Scale Mail Armor
15:01 Horse Collar
20:11 Gold Mining
23:19 Castle Age
22:30 Stone Mining
22:54 Bloodlines
22:52 Scale Barding Armor
23:10 Fletching
23:30 Town Watch
27:22 Iron Casting
28:10 Stirrups
28:49 Bow Saw
29:04 Heavy Plow
29:23 Husbandry
31:21 Wheelbarrow
31:22 Chain Barding Armor
33:45 Hand Cart
33:30 Bodkin Arrow
34:20 Stone Shaft Mining
34:21 Gold Shaft Mining
34:29 Town Patrol
38:19 Imperial Age
37:45 Gambesons
38:01 Squires
38:20 Chain Mail Armor
40:49 Conscription
39:51 Cavalier
41:11 Plate Barding Armor
41:38 Blast Furnace
43:06 Crop Rotation
44:14 Bracer
44:40 Ballistics
45:21 Chemistry
44:21 Murder Holes
47:05 Siege Engineers
69:23 Bagains
69:59 Plate Mail Armor
[RZ] Italo_Rafael
8:04 Loom
11:03 Feudal Age
13:00 Man-at-Arms
21:40 Padded Archer Armor
26:58 Castle Age
27:58 Crossbowman
32:31 Double-Bit Axe
35:45 Wheelbarrow
36:42 Bow Saw
37:38 Fletching
38:29 Bodkin Arrow
38:58 Hand Cart
44:09 Imperial Age
42:30 Steppe Husbandry
44:35 Scale Barding Armor
44:42 Forging
45:42 Chain Barding Armor
46:52 Elite Steppe Lancer
47:43 Bloodlines
48:28 Plate Barding Armor
48:44 Iron Casting
52:57 Blast Furnace
56:22 Conscription
59:12 Gold Mining
65:42 Horse Collar
69:07 Heavy Plow
77:10 Gold Shaft Mining
Connection lost

Rejoining the realm…

Still unreachable

The connection could not be restored.

Session expired

The server has moved on; the page needs a fresh start.